 Dungeon Crawl Stone Soup version 0.25-a0-707-g603da076d2 (webtiles) character file.

Game seed: 10670433293842741092, levelgen mode: deterministic

4105 Amnesiac the Frost Mage (level 10, -4/50 HPs)
             Began as a Deep Elf Ice Elementalist on Apr 5, 2020.
             Was a Believer of Vehumet.
             Slain by a wyvern zombie (6 damage)
             ... on level 9 of the Dungeon.
             The game lasted 00:15:33 (7772 turns).

Amnesiac the Frost Mage (Deep Elf Ice Elementalist) Turns: 7772, Time: 00:15:33

Health: -4/50      AC: 11    Str:  5    XL:     10   Next: 6%
Magic:  23/27      EV: 13    Int: 24    God:    Vehumet [**....]
Gold:   531        SH:  0    Dex: 15    Spells: 15/31 levels left

rFire    + . .     SeeInvis .   a - +0 scimitar (protect)
rCold    + . .     Gourm    .   (no shield)
rNeg     . . .     Faith    +   d - +1 robe (curse)
rPois    .         Spirit   .   (no helmet)
rElec    .         Reflect  .   (no cloak)
rCorr    .         Harm     .   z - +0 pair of gloves
MR       +....                  (no boots)
Stlth    ++........             i - amulet of faith
HPRegen  0.16/turn              F - ring of protection from cold
MPRegen  0.20/turn              t - ring of protection from fire

@: protection aura
A: no striking features
a: Renounce Religion


You were on level 9 of the Dungeon.
You worshipped Vehumet.
Vehumet was pleased with you.
You were not hungry.

You visited 2 branches of the dungeon, and saw 10 of its levels.

You collected 531 gold pieces.

Inventory:

Hand Weapons
 a - a +0 scimitar of protection (weapon)
Missiles
 s - 2 curare-tipped darts (quivered)
Armour
 d - a cursed +1 robe (worn)
 z - a +0 pair of gloves (worn)
Jewellery
 i - an amulet of faith (around neck)
 k - an uncursed amulet of guardian spirit
 t - a ring of protection from fire (right hand)
 F - a ring of protection from cold (left hand)
Wands
 D - a wand of polymorph (9)
Scrolls
 b - 2 scrolls of fear {!r}
 g - a scroll of enchant armour {!r}
 h - 2 scrolls of fog {!r}
 n - a scroll of magic mapping {!r}
 v - a scroll of enchant weapon {!r}
 w - 2 scrolls of remove curse {!r}
 y - 2 scrolls of teleportation {!r}
Potions
 e - 6 potions of curing {!q}
 j - a potion of brilliance {!q}
 p - 3 potions of haste {!q}
 q - 2 potions of might {!q}
 u - a potion of experience {!q}
 x - 2 potions of resistance {!q}
 A - 2 potions of cancellation {!q}
 B - a potion of mutation {!q}
 E - a potion of heal wounds {!q}
Comestibles
 c - 12 rations


   Skills:
 - Level 2.4 Dodging
 - Level 2.4 Stealth
 + Level 11.2 Spellcasting
 * Level 13.2 Ice Magic


You had 15 spell levels left.
You knew the following spells:

 Your Spells              Type           Power        Failure   Level  Hunger
a - Freeze                Ice            ####         1%          1    None
b - Frozen Ramparts       Ice            ######       1%          3    None
c - Summon Ice Beast      Ice/Summ       #####...     3%          4    None
d - Hailstorm             Conj/Ice       #####...     3%          4    None
e - Magic Dart            Conj           ##..         4%          1    None
z - Ozocubu's Armour      Chrm/Ice       #####...     1%          3    None

Your spell library contained the following spells:

 Spells                   Type           Power        Failure   Level  Hunger
 Inner Flame              Hex/Fire       ##......     14%         3    None
 Animate Skeleton         Necr           N/A          4%          1    None
 Apportation              Tloc           ##....       4%          1    None
 Corona                   Hex            ##.....      4%          1    None
 Summon Small Mammal      Summ           ##..         4%          1    None


Dungeon Overview and Level Annotations

Branches:
Dungeon (9/15)             Temple (1/1) D:5
   Lair: D:8-11         Orc: D:9-12

Altars:
Cheibriados
Gozag
Hepliaklqana
Kikubaaqudgha
Qazlal
Ru
Uskayaw
Vehumet
The Shining One

Annotations:
D:3 2 runed translucent doors, Amnesiac's ghost, weakling MfMo


Message History

You start resting.
Magic restored.
You start resting.
HP restored.
You climb downwards.
The wyvern zombie barely misses you. The wyvern zombie closely misses you.
There is a stone staircase leading up here.
You hit the wyvern zombie but do no damage.
Your weapon exudes an aura of protection.
The wyvern zombie misses you.
You riposte.
You hit the wyvern zombie.
The wyvern zombie is lightly damaged.
You hit the wyvern zombie.
The wyvern zombie is lightly damaged.
The wyvern zombie bites you but does no damage.
The wyvern zombie barely misses you.
You hit the wyvern zombie.
The wyvern zombie is lightly damaged.
The wyvern zombie bites you. x2
You hit the wyvern zombie.
The wyvern zombie is moderately damaged.
The wyvern zombie bites you but does no damage. x2
You slash the bullfrog zombie!
The bullfrog zombie is almost destroyed.
The bullfrog zombie closely misses you. The wyvern zombie bites you!
The bullfrog zombie hits you but does no damage.
The wyvern zombie closely misses you.
You are feeling hungry.
You barely miss the bullfrog zombie.
The bullfrog zombie is almost destroyed.
The bullfrog zombie hits you but does no damage.
The wyvern zombie bites you!
* * * LOW HITPOINT WARNING * * *
The bullfrog zombie barely misses you.
You riposte.
You slash the bullfrog zombie!
You destroy the bullfrog zombie!
Vehumet accepts your kill. The wyvern zombie barely misses you.
The wyvern zombie bites you.
* * * LOW HITPOINT WARNING * * *
You climb upwards.
There is a stone staircase leading down here.
You start resting.
Eating one of 3 chunks of flesh.
You eat one of the 3 chunks of flesh.
This raw flesh tastes terrible.
All of the chunks of flesh in your inventory have rotted away.
HP restored.
You start resting.
HP restored.
You climb downwards.
The wyvern zombie misses you. The wyvern zombie bites you!
There is a stone staircase leading up, spattered with blood here.
There isn't anything here!
Casting: Frozen Ramparts (safe; 1% risk of failure)
Confirm with . or Enter, or press ? or * to list all spells.
A chill wind blows around you. The wyvern zombie bites you!
* * * LOW HITPOINT WARNING * * *
You barely miss the wyvern zombie.
The wyvern zombie is moderately damaged.
The wyvern zombie bites you!
* * * LOW HITPOINT WARNING * * *
The wyvern zombie bites you!
* * * LOW HITPOINT WARNING * * *
You hit the wyvern zombie.
Your weapon exudes an aura of protection.
The wyvern zombie is moderately damaged.
The wyvern zombie bites you.
You die...

##
<..##########
............#
............#
..:...Y.....#
.....?.@....#
.......Z....#
............#
............#
............#
............#
............#
...........(#


You could see a wyvern zombie and a friendly ice beast.

Vanquished Creatures
  A two-headed ogre (D:8)
  Duvessa (D:6)
  2 orc warriors (D:7)
  3 black bears
  2 ogres
  2 bullfrogs
  Dowan (D:6)
  4 killer bees (D:8)
  3 wights (D:8)
  3 howler monkeys
  A centaur zombie (D:7)
  4 crimson imps
  A quasit (D:7)
  A bullfrog skeleton (D:4)
  2 bullfrog zombies
  6 orc priests
  2 hounds
  A centaur skeleton (D:7)
  An iguana (D:6)
  12 orc wizards
  5 worker ants
  A hound zombie (D:6)
  4 gnolls (D:5)
  11 adders
  3 dart slugs
  5 leopard geckos
  33 orcs
  5 giant cockroaches
  11 hobgoblins
  16 jackals
  2 quokkas (D:2)
  3 ball pythons
  A ball python skeleton (D:4)
  8 bats
  8 frilled lizards
  3 goblins
  A jackal zombie (D:5)
  8 kobolds
  A leopard gecko zombie (D:7)
  2 rats
184 creatures vanquished.

Vanquished Creatures (collateral kills)
  A tengu warrior (D:8)
  2 ice beasts (D:5)
  A necrophage (D:8)
  5 wights (D:8)
  A centaur skeleton (D:5)
10 creatures vanquished.

Grand Total: 194 creatures vanquished

Notes
Turn   | Place    | Note
-------+----------+-------------------------------------------
     0 | D:1      | Amnesiac the Deep Elf Ice Elementalist began the quest for
                  | the Orb.
     0 | D:1      | Reached XP level 1. HP: 10/10 MP: 6/6
   410 | D:1      | Reached XP level 2. HP: 6/15 MP: 4/8
   831 | D:2      | Reached skill level 5 in Ice Magic
   962 | D:2      | Reached XP level 3. HP: 12/19 MP: 7/10
   983 | D:2      | Learned a level 3 spell: Frozen Ramparts
   987 | D:2      | Learned a level 3 spell: Ozocubu's Armour
  1312 | D:2      | Found a stormy altar of Qazlal.
  1728 | D:3      | Reached XP level 4. HP: 24/24 MP: 8/12
  1847 | D:3      | Found a runed translucent door.
  2221 | D:3      | Reached skill level 6 in Ice Magic
  2423 | D:3      | Found a runed translucent door.
  2473 | D:3      | Found an opulent altar of Gozag.
  2474 | D:3      | Found a snail-covered altar of Cheibriados.
  2586 | D:3      | Noticed Amnesiac's ghost (weakling MfMo)
  2686 | D:4      | Reached XP level 5. HP: 28/28 MP: 10/14
  2700 | D:4      | Reached skill level 5 in Spellcasting
  2897 | D:4      | Reached skill level 7 in Ice Magic
  2905 | D:4      | Reached XP level 6. HP: 9/32 MP: 2/16
  3312 | D:4      | Learned a level 1 spell: Freeze
  3641 | D:5      | Entered Level 5 of the Dungeon
  3705 | D:5      | Noticed an ice beast
  3722 | D:5      | Learned a level 4 spell: Summon Ice Beast
  3727 | D:5      | Learned a level 4 spell: Hailstorm
  3738 | D:5      | Reached skill level 8 in Ice Magic
  3738 | D:5      | Reached XP level 7. HP: 36/36 MP: 18/18
  3844 | D:5      | Found a staircase to the Ecumenical Temple.
  3854 | Temple   | Entered the Ecumenical Temple
  3863 | Temple   | Became a worshipper of Vehumet
  3910 | D:5      | Found a glowing golden altar of the Shining One.
  4476 | D:5      | Reached skill level 9 in Ice Magic
  4667 | D:5      | Reached * piety under Vehumet
  4667 | D:5      | Offered knowledge of Shock by Vehumet.
  4821 | D:6      | Reached XP level 8. HP: 40/41 MP: 12/21
  4910 | D:6      | Noticed Duvessa
  4910 | D:6      | Noticed Dowan
  4920 | D:6      | Killed Duvessa
  4923 | D:6      | Killed Dowan
  4923 | D:6      | Reached skill level 10 in Ice Magic
  5485 | D:7      | Reached skill level 11 in Ice Magic
  5494 | D:7      | Reached ** piety under Vehumet
  5532 | D:7      | Offered knowledge of Magic Dart by Vehumet.
  5542 | D:7      | Reached XP level 9. HP: 33/45 MP: 9/24
  6389 | D:8      | Found a hide-covered altar of Uskayaw.
  6472 | D:8      | Noticed a two-headed ogre
  6498 | D:8      | Killed a two-headed ogre
  6498 | D:8      | Reached skill level 10 in Spellcasting
  6498 | D:8      | Reached skill level 12 in Ice Magic
  6533 | D:8      | Learned a level 1 spell: Magic Dart
  6989 | D:8      | Offered knowledge of Inner Flame by Vehumet.
  7391 | D:9      | Noticed a tengu warrior
  7402 | D:8      | Killed a tengu warrior
  7402 | D:8      | Reached skill level 13 in Ice Magic
  7402 | D:8      | Reached XP level 10. HP: 16/50 MP: 8/27
  7771 | D:9      | HP: 1/50 [wyvern zombie (15)]
  7772 | D:9      | Slain by a wyvern zombie

Levels and vault maps discovered:
D:1:      ncdulo_halloftheorcs, layout_basic, nrook_uturn,
          hangedman_decor_growths
D:2:      layout_basic, lemuel_round_altar, first_ration
D:3:      layout_loops_corners, gammafunk_temple_overflow_statue,
          ebering_ghost_sewer_f, kennysheep_generic_room_12
D:4:      layout_basic
D:5:      layout_basic, minmay_temple_entry_antechambers, grunt_ministairs_12,
          tso_altar
D:6:      layout_basic, uniq_duvessa
D:7:      layout_loops_corners
D:8:      layout_basic, eat_drink_and_be_merry_uskayaw
D:9:      layout_roguey, grunt_temple_overflow_diamond, serial_shops, shop,
          basic_altar, uniq_maurice, uniq_grum
Temple:   eino_wide_crystal_templ

Skill      XL: |  1  2  3  4  5  6  7  8  9 |
---------------+----------------------------+-----
Ice Magic      | 5 6 7 8 9 11 13 | 13.2
Spellcasting   | 4 5 6 7 9 11 | 11.2
Dodging        | |  2.4
Stealth        | |  2.4

Action                   |  1- 3 |  4- 6 |  7- 9 | 10-12 || total
-------------------------+-------+-------+-------+-------++-------
Melee: Unarmed           |     1 |       |       |       ||     1
       Long sword        |    12 |    45 |    49 |       ||   106
       Scimitar          |       |       |    39 |     8 ||    47
Throw: Dart              |       |     2 |     8 |       ||    10
 Cast: Freeze            |    54 |     7 |    55 |       ||   116
       Frozen Ramparts   |     1 |    15 |    31 |       ||    47
       Summon Ice Beast  |       |       |    22 |     1 ||    23
       Hailstorm         |       |       |     4 |       ||     4
       Magic Dart        |       |       |     1 |       ||     1
  Use: Scroll            |     7 |     1 |    11 |       ||    19
       Potion            |       |       |     3 |       ||     3
 Stab: Sleeping          |       |     4 |       |       ||     4
       Distracted        |       |       |     2 |       ||     2
  Eat: Chunk             |     2 |     7 |    11 |     1 ||    21
       Ration            |       |       |     1 |       ||     1
Armor: Robe              |     4 |    11 |    36 |     5 ||    56
Dodge: Dodged            |    35 |    40 |   124 |     9 ||   208
Block: Other             |     5 |       |       |       ||     5
       Rpst.: Long sword |     3 |    11 |    23 |       ||    37
       Scimitar          |       |       |    17 |     2 ||    19

Table legend:
 A = Non-vault XP
 B = Vault XP
 C = Vault XP percentage of total XP
 D = Non-vault monster count
 E = Vault monster count
 F = Vault count percentage of total count
                 A         B        C        D         E       F
            +---------+---------+-------+---------+---------+-------
      Total |    5506 |     359 |   6.1 |     189 |       5 |   2.6
            +---------+---------+-------+---------+---------+-------
        D:1 |      16 |       0 |   0.0 |      10 |       0 |   0.0
        D:2 |      78 |       0 |   0.0 |      31 |       0 |   0.0
        D:3 |      90 |       1 |   1.1 |      29 |       1 |   3.3
        D:4 |     403 |       0 |   0.0 |      22 |       0 |   0.0
        D:5 |     574 |     132 |  18.7 |      25 |       2 |   7.4
        D:6 |     657 |     226 |  25.6 |      22 |       2 |   8.3
        D:7 |    1099 |       0 |   0.0 |      27 |       0 |   0.0
        D:8 |    2528 |       0 |   0.0 |      21 |       0 |   0.0
        D:9 |      61 |       0 |   0.0 |       2 |       0 |   0.0
            +---------+---------+-------+---------+---------+-------
